 Dungeon Crawl Stone Soup version 0.19-a0-1740-g0bcaf2e (webtiles) character file.

97 junb69 the Skirmisher (level 4, -4/44 HPs)
             Began as a Naga Artificer on Oct 1, 2016.
             Slain by a gnoll
             ... wielding a +0 halberd
              (8 damage)
             ... on level 2 of the Dungeon.
             The game lasted 00:04:45 (2088 turns).

junb69 the Skirmisher (Naga Artificer)              Turns: 2088, Time: 00:04:46

Health: -4/44      AC:  3    Str: 15    XL:     4   Next: 68%
Magic:  6/6        EV:  9    Int: 11    God:
Gold:   58         SH:  0    Dex: 12    Spells: 0 memorised, 3 levels left

rFire  . . .     SeeInvis +     b - +3 dagger (drain)
rCold  . . .     Gourm    .     k - +0 ring mail
rNeg   . . .     Faith    .     (no shield)
rPois  +         Spirit   .     (no helmet)
rElec  .         Dismiss  .     (no cloak)
rCorr  .         Reflect  .     (no gloves)
MR     .....     Harm     .     (no barding)
Stlth  +.........               (no amulet)
                                (no ring)
                                (no ring)

@: very slow
A: see invisible, deformed body, poison resistance, slowness 2, slow metabolism
1, spit poison 1, AC +1
a: Spit Poison


You were on level 2 of the Dungeon.
You were not hungry.

You visited 1 branch of the dungeon, and saw 2 of its levels.

You collected 58 gold pieces.

Inventory:

Hand Weapons
 b - a +3 dagger of draining (weapon)
Armour
 k - a +0 ring mail (worn)
Wands
 c - a wand of flame (13/48)
 d - a wand of enslavement (10/24)
 e - a wand of random effects (14/48)
Scrolls
 a - a scroll of remove curse {unknown}
 g - a scroll of enchant weapon {unknown}
 h - a scroll of identify {unknown}
Potions
 l - 2 potions of heal wounds {unknown}
Comestibles
 f - 3 bread rations
 i - a slice of pizza
 j - a meat ration
 m - a chunk of flesh


   Skills:
 * Level 4.0 Fighting
 - Level 1.0 Short Blades
 * Level 2.0 Dodging
 - Level 1.5 Stealth
 - Level 3.0 Evocations


You had 3 spell levels left.
You didn't know any spells.

Dungeon Overview and Level Annotations

Branches:
Dungeon (2/15)

Altars:


Innate Abilities, Weirdness & Mutations

You cannot wear boots.
Your serpentine skin is tough. (AC +1)
You have supernaturally acute eyesight. (SInv)
Armour fits poorly on your strangely shaped body.
Your system is resistant to poisons. (rPois)
You cover ground very slowly.
You have a slow metabolism.
You can spit poison.


Message History

The gnoll hits you with a halberd!
* * * LOW HITPOINT WARNING * * *
You closely miss the gnoll.
The gnoll is moderately wounded.
You hit the gnoll.
The gnoll is moderately wounded.
The gnoll hits you with a halberd.
* * * LOW HITPOINT WARNING * * *
You closely miss the gnoll.
The gnoll is moderately wounded.
The gnoll hits you but does no damage.
You hit the gnoll. You drain the gnoll!
The gnoll is almost dead.
The gnoll closely misses you.
You barely miss the gnoll.
The gnoll is almost dead.
You closely miss the gnoll.
The gnoll is almost dead.
The gnoll hits you with a halberd!
You die...

######.###### ###....#g.
................#.##.#g# #######
.....#.########.#.##K#g# #.....#
.....#.# #.#)##.#'###...#
.....#.# #.#.#.gg.......#
####.#.#### #.#)#..........#
...#......# #.#.#..........#
..##......#####.#.#.......#'#....
<..#.>....'.....@g#.......#.#..#.
...#......##+##.#.#.......#.# .#
...#............#.##.#...##.. .
...#............#.##...#.# .. ..
...#............#.####.#.#
#.##...###......#..# #.#..
..##.........##.#..###.###
####.....................
#.########...#...##.#


You could see a gnoll.

Vanquished Creatures
  Natasha (D:2)
  A gnoll (D:2)
  A worm (D:2)
  6 dart slugs
  2 leopard geckos (D:1)
  2 bats (D:1)
  3 giant cockroaches
  6 goblins (D:1)
  4 hobgoblins
  3 jackals (D:1)
  7 kobolds
  2 frilled lizards (D:1)
  4 rats (D:1)
42 creatures vanquished.

Vanquished Creatures (collateral kills)
  A frilled lizard (D:1)
1 creature vanquished.

Vanquished Creatures (others)
  A gnoll (D:2)
  A goblin (D:2)
2 creatures vanquished.

Grand Total: 45 creatures vanquished

Notes
Turn   | Place    | Note
-------+----------+-------------------------------------------
     0 | D:1      | junb69 the Naga Artificer began the quest for the Orb.
     0 | D:1      | Reached XP level 1. HP: 18/18 MP: 3/3
   259 | D:1      | Reached skill level 2 in Fighting
   259 | D:1      | Reached XP level 2. HP: 10/26 MP: 4/4
   987 | D:1      | Reached XP level 3. HP: 27/33 MP: 5/5
   996 | D:1      | Reached skill level 3 in Fighting
  1834 | D:2      | Noticed Natasha
  1843 | D:2      | Killed Natasha
  1843 | D:2      | Reached XP level 4. HP: 25/44 MP: 6/6
  2064 | D:2      | Reached skill level 4 in Fighting
  2088 | D:2      | Slain by a gnoll

Vault maps used:
D:1:      onia_arrival_mini_spirals
D:2:      minmay_octomino_j4, uniq_natasha

Skill      XL: |  1  2  3  4 |
---------------+-------------+-----
Fighting       | 2 3 4 |  4.0
Dodging        | 2 |  2.0
Short Blades   | |  1.0
Stealth        | |  1.5
Evocations     | |  3.0

Action                   |  1- 3 |  4- 6 || total
-------------------------+-------+-------++-------
Melee: Short sword       |    54 |       ||    54
       Dagger            |    67 |    22 ||    89
Evoke: Wand              |     5 |     3 ||     8
 Stab: Distracted        |     2 |       ||     2
  Eat: Chunk             |     2 |       ||     2
Armor: Leather armour    |    12 |       ||    12
       Ring mail         |    51 |     6 ||    57
Dodge: Dodged            |    83 |     6 ||    89
